 Dungeon Crawl Stone Soup version 0.29-a0-96-g93358da72b (webtiles) character file.

Game seed: 684245684837905762

72094 Nelsoonmonsoon the Severer (level 15, -21/156 HPs)
             Began as a Hill Orc Fighter on Feb 9, 2022.
             Was the Champion of Beogh.
             Killed from afar by a merfolk aquamancer (35 damage)
             ... with a shard of ice
             ... on level 4 of the Shoals on Feb 11, 2022.
             The game lasted 02:39:49 (25164 turns).

Nelsoonmonsoon the Severer (Hill Orc Fighter)      Turns: 25164, Time: 02:39:56

Health: -21/156    AC: 19    Str: 29 (30) XL:     15   Next: 38%
Magic:  24/24      EV: 10    Int: 18 (19) God:    Beogh [******]
Gold:   1147       SH:  8    Dex: 16 (18) Spells: 14/14 levels left

rFire   + . .      SeeInvis +   C - +3 hand axe (freeze)
rCold   + . .      Faith    .   k - +0 buckler "Nuheaquh" {rN+ Dex+2 Stlth+}
rNeg    + . .      Spirit   .   v - +4 scale mail of the Enchanted Forest {Int+5}
rPois   .          Reflect  .   s - +2 helmet {SInv}
rElec   +          Harm     .   u - scarf {rC+ rF+}
rCorr   .          Rampage  +   (no gloves)
Will    +....                   R - +0 pair of boots of Somewhere Else {Rampage rElec Str+3}
Stlth   +.........              E - amulet of Vitality {Regen+ HP+15}
HPRegen 1.16/turn               e - +6 ring of intelligence
MPRegen 0.19/turn               q - +6 ring of dexterity

@: mighty, studying Unarmed Combat, invisible
A: walk on water
a: Renounce Religion, Smiting, Recall Orcish Followers, Give Item to Named
Follower, Resurrection


You were on level 4 of the Shoals.
You worshipped Beogh.
Beogh was exalted by your worship.
You visited 6 branches of the dungeon, and saw 25 of its levels.

You collected 2083 gold pieces.
You spent 936 gold pieces at shops.

Inventory:

Hand Weapons
 b - a +0 antimagic trident
 d - a +2 dire flail of draining
 p - a +0 whip of electrocution
 w - a +3 broad axe
 C - a +3 hand axe of freezing (weapon)
Missiles
 y - 20 boomerangs (quivered)
 I - 16 poisoned darts
 L - 3 throwing nets
 U - 5 javelins
Armour
 k - the +0 buckler "Nuheaquh" (worn) {rN+ Dex+2 Stlth+}
   (You acquired it on level 11 of the Dungeon)

   Dex:       It affects your dexterity (+2).
   rN:        It protects you from negative energy.
   Stlth:     It makes you more stealthy.
 s - a +2 helmet of see invisible (worn)
 u - a scarf of resistance (worn)
 v - the +4 scale mail of the Enchanted Forest (worn) {Int+5}
   (You found it on level 3 of the Dungeon)

   Int:       It affects your intelligence (+5).
 N - +0 acid dragon scales
 Q - a +1 robe of cold resistance
 R - the +0 pair of boots of Somewhere Else (worn) {Rampage rElec Str+3}
   (You found it on level 8 of the Dungeon)

   Str:       It affects your strength (+3).
   rElec:     It insulates you from electricity.
   Rampage:   It bestows one free step when moving towards enemies.
 X - an orb of wrath
Magical Staves
 P - a staff of air
Jewellery
 c - a ring of resist corrosion
 e - a +6 ring of intelligence (left hand)
 h - an amulet of regeneration
 n - a ring of ice
 q - a +6 ring of dexterity (right hand)
 A - a ring of protection from fire
 E - the amulet of Vitality (around neck) {Regen+ HP+15}
   (You found it on level 5 of the Dungeon)

   [amulet of regeneration]

   HP:        It affects your health (+15).
   Regen:     It increases your rate of health regeneration.
 M - an amulet of guardian spirit
 T - a ring of magical power
Wands
 i - a wand of charming (3)
 t - a wand of acid (3)
 D - a wand of flame (19)
 K - a wand of iceblast (24)
 S - a wand of paralysis (4)
Scrolls
 j - a scroll of magic mapping
 l - a scroll of immolation
 m - a scroll of amnesia
 B - a scroll of fear
 G - a scroll of blinking
 H - a scroll of fog {unknown}
 Y - a scroll of silence {unknown}
 Z - 2 scrolls of teleportation
Potions
 f - 5 potions of mutation
 g - 6 potions of attraction
 o - a potion of cancellation
 r - a potion of degeneration
 F - 8 potions of curing
 J - a potion of flight
 V - a potion of magic
 W - 3 potions of lignification


   Skills:
 + Level 15.5 Fighting
 + Level 15.8 Axes
 + Level 14.3 Armour
 + Level 14.3 Shields
 * Level 13.1 Invocations


You had 14 spell levels left.
You didn't know any spells.
Your spell library contained the following spells:

 Spells                   Type           Power      Damage    Failure   Level
 Animate Skeleton         Necr           0%         N/A       41%         1
 Apportation              Tloc           0%         N/A       41%         1
 Beastly Appendage        Tmut           0%         N/A       41%         1
 Foxfire                  Conj/Fire      0%         2x1d4     41%         1
 Summon Small Mammal      Summ           0%         N/A       41%         1
 Blink                    Tloc           0%         N/A       54%         2
 Corpse Rot               Necr/Air       0%         N/A       54%         2
 Poisonous Vapours        Pois/Air       0%         N/A       54%         2
 Wereblood                Tmut           0%         N/A       54%         2
 Conjure Flame            Conj/Fire      0%         6-21      78%         3
 Dazzling Flash           Conj/Hex       0%         N/A       78%         3
 Inner Flame              Hex/Fire       0%         N/A       78%         3
 Lesser Beckoning         Tloc           0%         N/A       78%         3
 Ozocubu's Armour         Ice            0%         N/A       78%         3
 Portal Projectile        Hex/Tloc       0%         N/A       78%         3
 Spider Form              Tmut/Pois      0%         N/A       78%         3
 Summon Guardian Golem    Hex/Summ       0%         N/A       78%         3
 Airstrike                Air            0%         N/A       99%         4
 Flame Wave               Conj/Fire      0%         2d4       99%         4
 Iskenderun's Mystic Bla  Conj/Tloc      0%         2d3       99%         4
 Summon Lightning Spire   Summ/Air       0%         N/A       99%         4
 Blade Hands              Tmut           0%         N/A       100%        5
 Excruciating Wounds      Necr           0%         N/A       100%        5
 Fireball                 Conj/Fire      0%         3d3       100%        5
 Lightning Bolt           Conj/Air       0%         1d11      100%        5
 Manifold Assault         Tloc           0%         N/A       100%        5
 Metabolic Englaciation   Hex/Ice        0%         N/A       100%        5
 Summon Forest            Summ/Tloc      0%         N/A       100%        5
 Summon Mana Viper        Hex/Summ       0%         N/A       100%        5
 Simulacrum               Ice/Necr       0%         N/A       100%        6
 Starburst                Conj/Fire      0%         6d3       100%        6
 Summon Cactus Giant      Summ           0%         N/A       100%        6
 Orb of Destruction       Conj           0%         9d5       100%        7
 Spellforged Servitor     Conj/Summ      0%         N/A       100%        7
 Ignition                 Fire           0%         3d3       100%        8


Dungeon Overview and Level Annotations

Branches:
Dungeon (13/15)            Temple (1/1) D:6            Lair (4/6) D:8
 Shoals (4/4) Lair:4        Snake (0/4) Lair:4          Orc (2/2) D:11
    Elf (1/3) Orc:2
 Vaults: D:13-14

Altars:
Ashenzari
Cheibriados
Dithmenos
Elyvilon
Fedhas
Gozag
Hepliaklqana
Kikubaaqudgha
Makhleb
Nemelex Xobeh
Okawaru
Qazlal
Ru
Sif Muna
Trog
Uskayaw
Vehumet
Wu Jian
Xom
Yredelemnul
Zin
The Shining One
Beogh

Shops:
D:9 [   D:11 ?   Orc:2 [(=*

Portals:
Ice
Cave: Lair:2

Annotations:
D:10 1 runed translucent door, Cecur's ghost, novice SpWr


Message History

You see here a fizzy white potion.
You swap places.
The merfolk siren closely misses you.
Morbeogh hits something with a +3 trident of freezing!
Morbeogh freezes something.
Things that are here:
a +2 vorpal trident; a +2 leather armour of fire resistance; a merfolk corpse You slice the merfolk siren!!
You freeze the merfolk siren.
You break out of your daze!
You kill the merfolk siren!
Beogh accepts your kill.
You hear a splash.
Morbeogh unwields a +3 trident of freezing.
Morbeogh wields a +0 arbalest.
Morbeogh shoots a bolt.
The bolt hits the merfolk siren!
The merfolk siren hits something with a +0 trident!
Morbeogh is asphyxiated!
Morbeogh unwields a +0 arbalest.
Morbeogh wields a +3 trident of freezing.
It glows with a cold blue light!
Morbeogh hits the water elemental with a +3 trident of freezing!
Morbeogh freezes the water elemental.
The water elemental hits Morbeogh!
The merfolk aquamancer points at you and mumbles some strange words.
The ball of steam hits you! You resist.
* * * LOW HITPOINT WARNING * * *
Beogh accepts your kill.
You feel a bit more experienced.
You hit the merfolk siren. You freeze the merfolk siren.
The merfolk siren is severely wounded.
You slash the merfolk aquamancer! You freeze the merfolk aquamancer.
The merfolk aquamancer hits you but does no damage.
Unknown command.
The merfolk siren hits you but does no damage.
Something hits the merfolk siren.
Something freezes the merfolk siren.
It was a potion of degeneration.
There was something very wrong with that liquid.
You feel weakened.
You feel dopey.
You feel clumsy.
The merfolk siren chants a haunting song.
You resist with almost no effort.
The merfolk aquamancer gestures at you while chanting.
The shard of ice hits you!! You partially resist.
You die...

####### . #≈≈≈≈≈## #
## #≈≈..≈## ≈. #≈#
≈≈≈≈≈≈# ... .# #≈..
#≈#≈≈# .... .
#≈≈≈##≈≈≈≈#......
#≈.≈≈≈≈.#≈#......
#≈..#≈()m≈#......
#≈.§@#)o#E≈.....
##≈..≈m#.≈...E..
#######.........
#......≈........
#.<....≈≈.......
#....†....≈≈≈......
#....≈≈....≈≈≈≈.≈≈≈.
#..≈≈≈≈≈...≈≈≈≈≈≈≈≈≈
#..#######.≈≈≈≈≈≈≈≈≈


You could see a merfolk aquamancer and a merfolk siren.

Vanquished Creatures
  Ilsuiw (Shoals:4)
  A merfolk javelineer (Shoals:3)
  4 merfolk impalers
  Fannar (Lair:1)
  A hydra (Lair:1)
  An ogre mage (D:10)
  A death knight (D:11)
  A centaur warrior (D:11)
  A boulder beetle (D:12)
  11 two-headed ogres
  Urug (Lair:1)
  An orc high priest (Orc:1)
  3 skeletal warriors
  A sea snake (Shoals:1)
  6 harpies
  A deep elf pyromancer (D:12)
  An oklob plant (Lair:4)
  An ugly thing (D:12)
  An orc knight (Orc:2)
  2 cyclopes
  5 fauns (Shoals:3)
  4 manticores
  A torpor snail (Lair:4)
  4 merfolk sirens
  An elephant (Lair:4)
  2 water nymphs (Shoals:3)
  4 cane toads
  Maggie (D:7)
  Psyche (D:11)
  An unseen horror (D:11)
  3 freezing wraiths
  A kobold demonologist (D:9)
  4 komodo dragons
  6 trolls
  9 merfolk
  2 hornets
  7 wind drakes
  4 slime creatures
  4 blink frogs (Lair:1)
  4 snapping turtles
  3 dream sheep
  A vampire (D:11)
  A shadow (D:10)
  2 wraiths
  6 wyverns
  2 steam dragons
  A basilisk (D:8)
  26 yaks
  2 wargs (Orc:2)
  3 vampire mosquitoes
  Edmund (D:4)
  2 acid dragons
  A naga (Lair:4)
  6 water moccasins
  11 orc warriors
  2 ice beasts
  5 black bears
  2 sky beasts (D:6)
  6 ogres
  6 wolves
  A necrophage (D:5)
  8 centaurs
  A kobold brigand (D:10)
  2 phantoms
  2 gnoll sergeants (D:10)
  11 bullfrogs
  3 scorpions
  A water moccasin zombie (D:5)
  A water moccasin skeleton (D:5)
  A killer bee (D:7)
  An electric eel (Lair:4)
  4 howler monkeys
  7 centaur zombies
  A bullfrog zombie (D:6)
  3 hounds
  A jelly (D:8)
  6 orc priests
  4 bullfrog skeletons (D:6)
  2 centaur skeletons
  Jessica (D:2)
  3 iguanas
  10 orc wizards
  A hound zombie (D:5)
  Robin (D:3)
  8 gnolls
  5 adders
  2 howler monkey skeletons (D:6)
  2 shadow imps
  3 ufetubi
  2 adder skeletons
  A worm (D:3)
  63 orcs
  2 bats
  6 endoplasms
  4 giant cockroaches
  15 goblins
  11 hobgoblins
  5 jackals
  3 quokkas
  9 ball pythons
  3 frilled lizards
  2 kobolds
  7 rats
  A bush (D:6)
428 creatures vanquished.

Vanquished Creatures (collateral kills)
  An orc warlord (Orc:2)
  2 merfolk impalers
  2 hydras (Lair:4)
  2 satyrs (Shoals:3)
  An orc high priest (Orc:1)
  2 sea snakes
  2 orc knights (Orc:2)
  6 harpies
  5 fauns (Shoals:3)
  A manticore (Shoals:3)
  3 merfolk sirens (Shoals:3)
  Joseph (Lair:1)
  5 elephants (Lair:4)
  2 black mambas
  A water nymph (Shoals:2)
  A cane toad (Lair:3)
  3 komodo dragons
  4 merfolk
  4 trolls (Orc:1)
  2 wind drakes
  4 blink frogs (Lair:3)
  3 snapping turtles
  8 dream sheep
  4 water elementals
  A wyvern (Lair:4)
  9 yaks
  A basilisk (Lair:1)
  3 wargs
  A naga (Lair:4)
  A water moccasin (Lair:3)
  11 orc warriors
  2 ogres
  A wolf (Lair:2)
  7 orc priests
  2 orc wizards (Orc:2)
  3 gnolls (Orc:1)
  5 orcs (Orc:1)
  A plant (Shoals:3)
117 creatures vanquished.

Vanquished Creatures (others)
  2 orc knights (Orc:2)
  3 orc sorcerers
  14 orc warriors
  9 orc priests
  2 orc wizards
  31 orcs
  13 fungi
  94 plants
168 creatures vanquished.

Grand Total: 713 creatures vanquished

Notes
Turn   | Place    | Note
-------+----------+-------------------------------------------
     0 | D:1      | Nelsoonmonsoon the Hill Orc Fighter began the quest for the
                  | Orb.
     0 | D:1      | Reached XP level 1. HP: 19/19 MP: 1/1
     6 | D:1      | Noticed an electric eel
   135 | D:1      | You fall into a shaft and drop 1 floor!
   195 | D:1      | Reached XP level 2. HP: 27/27 MP: 2/2
   752 | D:1      | Reached XP level 3. HP: 28/33 MP: 3/3
  1021 | D:2      | Noticed Jessica
  1037 | D:2      | Killed Jessica
  1195 | D:2      | Reached XP level 4. HP: 40/40 MP: 4/4
  1324 | D:2      | Found a faded altar of an unknown god.
  1926 | D:3      | Noticed Robin
  2252 | D:3      | Killed Robin
  2253 | D:3      | Reached XP level 5. HP: 25/47 MP: 5/5
  2718 | D:3      | Found a basalt altar of Yredelemnul.
  2878 | D:3      | Found a sparkling altar of Nemelex Xobeh.
  3150 | D:3      | Identified the +4 scale mail of the Enchanted Forest
                  | {Int+5}
  3444 | D:4      | Reached skill level 5 in Fighting
  3444 | D:4      | Reached XP level 6. HP: 56/56 MP: 6/6
  3470 | D:4      | Reached skill level 5 in Axes
  3526 | D:4      | Noticed Edmund
  3749 | D:4      | Found a shimmering altar of Xom.
  3751 | D:4      | Found a white marble altar of Elyvilon.
  3751 | D:4      | Found a glowing golden altar of the Shining One.
  3753 | D:4      | Found a shimmering altar of Xom.
  3753 | D:4      | Found a sacrificial altar of Ru.
  3753 | D:4      | Found a shadowy altar of Dithmenos.
  3960 | D:4      | Found a burning altar of Makhleb.
  4044 | D:4      | Killed Edmund
  4045 | D:4      | Reached skill level 5 in Armour
  4045 | D:4      | Reached skill level 5 in Shields
  4045 | D:4      | Reached XP level 7. HP: 49/61 MP: 7/7
  4344 | D:5      | Entered Level 5 of the Dungeon
  4751 | D:4      | Reached XP level 8. HP: 70/70 MP: 8/8
  5096 | D:5      | Found the amulet of Vitality {Regen+ HP+15}
  5309 | D:5      | Found a hazy altar of Hepliaklqana.
  5686 | D:6      | Reached XP level 9. HP: 60/79 MP: 9/9
  5870 | D:6      | Noticed a two-headed ogre
  5880 | D:6      | Killed a two-headed ogre
  6133 | D:6      | Identified the +5 ring mail of the Unseen Realm {Harm *Slow
                  | Int+3 Dex+4}
  6224 | D:6      | Found a staircase to the Ecumenical Temple.
  6237 | Temple   | Entered the Ecumenical Temple
  6612 | D:7      | Found a hide-covered altar of Uskayaw.
  6946 | D:7      | Noticed Maggie
  6964 | D:7      | Killed Maggie
  6965 | D:7      | Reached XP level 10. HP: 91/91 MP: 10/10
  7423 | D:7      | Reached skill level 10 in Axes
  7526 | D:8      | Found a staircase to the Lair.
  7652 | D:8      | Identified the +0 pair of boots of Somewhere Else {Rampage
                  | rElec Str+3}
  7830 | D:8      | Became a worshipper of Beogh the Brigand
  7872 | D:8      | Found a blossoming altar of Fedhas.
  7901 | D:8      | Found a glowing golden altar of the Shining One.
  7932 | D:8      | Found an ancient bone altar of Kikubaaqudgha.
  7947 | D:8      | Found a snail-covered altar of Cheibriados.
  7977 | D:8      | Reached skill level 10 in Fighting
  8279 | D:9      | Reached XP level 11. HP: 71/101 MP: 11/11
  8495 | D:9      | Reached skill level 10 in Shields
  8636 | D:9      | Reached * piety under Beogh
  8652 | D:9      | Found Otilun's Armour Boutique.
  8705 | D:9      | Reached skill level 10 in Armour
  8918 | D:9      | Found a stormy altar of Qazlal.
  8918 | D:9      | Found a shadowy altar of Dithmenos.
  8976 | D:10     | Entered Level 10 of the Dungeon
  9044 | D:10     | Noticed a two-headed ogre
  9044 | D:10     | Noticed an ogre mage
  9044 | D:10     | Noticed a two-headed ogre
  9044 | D:10     | Noticed a two-headed ogre
  9046 | D:10     | Noticed a two-headed ogre
  9395 | Lair:1   | Entered Level 1 of the Lair of Beasts
  9395 | Lair:1   | Noticed Urug
  9445 | Lair:1   | Killed Urug
  9683 | Lair:1   | Noticed Fannar
  9709 | Lair:1   | Killed Fannar
  9787 | Lair:1   | Noticed a five-headed hydra
 10243 | D:9      | Noticed a sixfirhy
 10398 | D:10     | Noticed a two-headed ogre
 10414 | D:9      | Killed a two-headed ogre
 10415 | D:9      | Reached skill level 1 in Invocations
 10421 | D:9      | Killed a two-headed ogre
 10422 | D:9      | Reached XP level 12. HP: 52/112 MP: 11/13
 10843 | D:10     | Killed a two-headed ogre
 10845 | D:10     | Killed a two-headed ogre
 10847 | D:10     | Killed a two-headed ogre
 10849 | D:10     | Killed an ogre mage
 11205 | D:10     | Found a runed translucent door.
 11205 | D:10     | Found a shimmering altar of Xom.
 11205 | D:10     | Noticed Cecur's ghost (novice SpWr)
 11217 | D:10     | Reached ** piety under Beogh
 11271 | D:10     | Noticed a two-headed ogre
 11275 | D:10     | Paralysed by a hornet for 3 turns
 11295 | D:10     | Paralysed by a hornet for 3 turns
 11552 | D:11     | Found a staircase to the Orcish Mines.
 11702 | D:11     | Identified the +1 plate armour of True Grit {Harm}
 11744 | D:11     | Found Hualaico's Magic Scroll Boutique.
 11864 | D:11     | Noticed a centaur warrior
 11881 | D:11     | Killed a centaur warrior
 11946 | D:11     | Noticed Psyche
 11965 | D:11     | Killed Psyche
 12302 | D:11     | Reached skill level 5 in Invocations
 12336 | D:11     | Noticed a two-headed ogre
 12344 | D:11     | Killed a two-headed ogre
 12448 | D:11     | Noticed a death knight
 12481 | D:10     | Killed a two-headed ogre
 12485 | D:10     | Reached *** piety under Beogh
 12675 | D:10     | Noticed a two-headed ogre
 12686 | D:10     | Killed a two-headed ogre
 12687 | D:10     | Reached XP level 13. HP: 119/119 MP: 17/17
 13190 | Orc:1    | Entered Level 1 of the Orcish Mines
 13470 | Orc:1    | Gained Blodwig as an ally
 13485 | Orc:1    | Reached **** piety under Beogh
 13500 | Orc:1    | Your ally Blodwig died
 13661 | D:11     | Bought a scroll of acquirement for 884 gold pieces
 13661 | D:11     | Acquired the +0 buckler "Nuheaquh" {rN+ Dex+2 Stlth+}
 15368 | D:11     | Upgraded the game from 0.29-a0-91-gdebf4667c2 to
                  | 0.29-a0-92-gee772dd00f
 17054 | Orc:1    | Found a roughly hewn altar of Beogh.
 17391 | Orc:2    | Entered Level 2 of the Orcish Mines
 17398 | Orc:2    | Found Ruyxutue's Jewellery Shoppe.
 17534 | Orc:2    | Noticed an orc warlord
 17535 | Orc:2    | Found Kuan's Antique Weapon Shoppe.
 17562 | Orc:2    | Killed an orc warlord
 17660 | Orc:2    | Found a staircase to the Elven Halls.
 17885 | Orc:2    | Found Domm's Antique Armour Emporium.
 18106 | Orc:2    | Found Wuiduz's General Store.
 18116 | Orc:2    | Reached ***** piety under Beogh
 18131 | Orc:2    | Bought a scroll of fear for 52 gold pieces
 18450 | Elf:1    | Entered Level 1 of the Elven Halls
 19094 | Lair:1   | Noticed Joseph
 19102 | Lair:1   | Killed Joseph
 19309 | Lair:2   | Found a frozen archway.
 19309 | Lair:2   | You fall into a shaft and drop 1 floor!
 19321 | Lair:3   | Reached XP level 14. HP: 116/132 MP: 20/20
 19913 | Lair:3   | Gained Bladwarg as an ally
 20331 | Lair:4   | Found a stormy altar of Qazlal.
 20558 | Lair:4   | Found a staircase to the Snake Pit.
 20615 | Lair:4   | Reached skill level 10 in Invocations
 20615 | Lair:4   | Found a staircase to the Shoals.
 20619 | Lair:4   | Your ally Bladwarg died
 21647 | Shoals:1 | Entered Level 1 of the Shoals
 22079 | Shoals:1 | You fall into a shaft and drop 1 floor!
 22120 | Shoals:1 | Reached skill level 15 in Axes
 22408 | Shoals:2 | Reached skill level 15 in Fighting
 23399 | Shoals:2 | Gained Olfrun as an ally
 23399 | Shoals:2 | Gained Morbeogh as an ally
 23755 | Shoals:3 | Gained Warrok as an ally
 23760 | Shoals:3 | Reached XP level 15. HP: 140/141 MP: 22/24
 24035 | Shoals:3 | Reached ****** piety under Beogh
 24237 | Shoals:3 | Upgraded the game from 0.29-a0-92-gee772dd00f to
                  | 0.29-a0-96-g93358da72b
 24765 | Shoals:4 | Entered Level 4 of the Shoals
 24806 | Shoals:4 | Your ally Olfrun died
 24812 | Shoals:4 | Noticed Ilsuiw
 25144 | Shoals:4 | Killed Ilsuiw
 25147 | Shoals:4 | HP: 6/156 [merfolk impaler (9)]
 25164 | Shoals:4 | Killed from afar by a merfolk aquamancer

Illustrated notes

Levels and vault maps discovered:
D:1:      arrival_aquarium_a, layout_loops_cross, item_on_display_a
D:2:      layout_basic, shapermc_ecumenical_altar_notcrosses, uniq_jessica
D:3:      layout_loops_ring, mainiacjoe_overflow_tiny_flanked,
          lemuel_tele_altar, grunt_ministairs_1, uniq_robin
D:4:      nicolae_cairo_tiling_large_dashed, layout_loops_ring,
          doesnt_xom_only_xom, mainiacjoe_overflow_six_doors_small,
          feat_on_display, uniq_edmund
D:5:      layout_gridville, nicolae_hepliaklqana_hazy_memory,
          grunt_ministairs_1, minivault_25
D:6:      layout_rooms, temple_green, kb_lookout_dungeons_type,
          minmay_crystal_water, minmay_manual_mullet
D:7:      layout_rooms, lemuel_crystal_altar, minivault_26, kennysheep_dice,
          uniq_maggie
D:8:      layout_cave_pools, nicolae_overflow_quartered_altars,
          minmay_lair_entry_grove
D:9:      layout_roguey, gammafunk_temple_overflow_wave, serial_shops,
          nicolae_diamond_shop, chequers_serial_rivers_micro_a
D:10:     layout_rooms, ebering_ghost_xom, kennysheep_kite_vault
D:11:     layout_stronghold, hiddenorc2_lemuel, serial_shops,
          nicolae_shop_trees, uniq_psyche
D:12:     layout_long_grid
D:13:     hangedman_cross_cluster, layout_gridville, uniq_nessos, uniq_azrael,
          uniq_maurice
Temple:   dpeg_chambers_temple
Lair:1:   layout_cave_pods, uniq_urug, uniq_fannar, uniq_joseph
Lair:2:   layout_cave_pods, portal_ice_cave_entry_pillars_1
Lair:3:   layout_cave_pods, grunt_megastairs_4
Lair:4:   layout_regular_city, elwin_shoals_entry_stream,
          guppyfry_snake_entry_garden, lemuel_oklob_altar, serial_bayou_shore_a
Shoals:1: layout_shoals
Shoals:2: layout_shoals, nicolae_shoals_circle_sea_wall,
          nicolae_shoals_loop_pool
Shoals:3: layout_shoals, nicolae_shoals_shepherds
Shoals:4: shoals_end_hangedman, layout_shoals, shoals_ilsuiw_ice,
          nzn_prometheus_bound, uniq_polyphemus
Orc:1:    layout_caves, minmay_orc_temple_c
Orc:2:    grunt_orc_gardens, layout_caves, grunt_orc_garden, grunt_orc_garden,
          grunt_orc_garden, grunt_orc_garden
Elf:1:    minmay_elf_arrival_summoners, layout_gridlike, serial_shops,
          nicolae_lakefront_shop, minmay_elf_demonology,
          corexii_leaking_fountain

Skill      XL: |  1  2  3  4  5  6  7  8  9 10 11 12 13 14 15 |
---------------+----------------------------------------------+-----
Axes           | 3 4 5 6 7 9 11 12 13 14 15 | 15.8
Fighting       | 4 5 6 7 9 10 11 12 14 15 | 15.5
Armour         | 4 5 6 8 9 10 11 13 14 | 14.3
Shields        | 4 5 7 8 9 11 12 13 14 | 14.3
Invocations    | 2 6 9 12 13 | 13.1

Action                   |  1- 3 |  4- 6 |  7- 9 | 10-12 | 13-15 || total
-------------------------+-------+-------+-------+-------+-------++-------
Melee: War axe           |    85 |   168 |   109 |       |       ||   362
       Hand axe          |       |       |   239 |   793 |  1123 ||  2155
       Whip              |       |       |       |       |    81 ||    81
Invok: Convert to Beogh  |       |       |       |     1 |       ||     1
       Recall Orcish Fol |       |       |       |       |    14 ||    14
       Give Item to Name |       |       |       |       |     4 ||     4
Evoke: Wand              |       |       |     2 |     5 |     3 ||    10
  Use: Scroll            |       |     1 |     5 |     6 |    13 ||    25
       Potion            |       |     1 |     1 |     7 |     7 ||    16
 Stab: Invisible         |       |       |       |     4 |     8 ||    12
       Paralysed         |       |       |       |       |    20 ||    20
       Distracted        |       |       |       |       |    11 ||    11
Armor: Scale mail        |    42 |    94 |   181 |   416 |   436 ||  1169
       Skin              |       |       |       |       |     5 ||     5
Dodge: Dodged            |    44 |    94 |   155 |   285 |   387 ||   965
Block: Buckler           |    20 |    48 |   100 |   234 |   355 ||   757

Table legend: (Time is in decaauts)
 A = Elapsed time spent in this place.
 B = Non-inter-level travel time spent in this place.
 C = Inter-level travel time spent in this place.
 D = Time resting spent in this place.
 E = Time spent auto-exploring this place.
 F = Levels seen in this place.
 G = Mean time per level.
                   A        B        C        D        E       F      G
               +--------+--------+--------+--------+--------+-----+--------+
         Total |  24731 |  23558 |   1173 |   5342 |   7738 |  25 |  989.2 |
       Dungeon |  15726 |  14757 |    969 |   2734 |   5285 |  13 | 1209.7 |
        Temple |    315 |    293 |     22 |      0 |    148 |   1 |  315.0 |
          Lair |   3443 |   3429 |     14 |    838 |   1006 |   4 |  860.8 |
        Shoals |   3335 |   3257 |     78 |   1437 |    616 |   4 |  833.8 |
  Orcish Mines |   1909 |   1820 |     89 |    333 |    683 |   2 |  954.5 |
   Elven Halls |      1 |      1 |      0 |      0 |      0 |   1 |    1.0 |
               +--------+--------+--------+--------+--------+-----+--------+

Top non-repeatable levels by time:
    D:11: 2617 daAuts
     D:9: 1776 daAuts
     D:2: 1721 daAuts
    D:12: 1412 daAuts
Shoals:3: 1380 daAuts
    D:10: 1319 daAuts
  Lair:4: 1280 daAuts
Shoals:2: 1246 daAuts
     D:5: 1212 daAuts
   Orc:2: 1101 daAuts
  Lair:1: 1088 daAuts
     D:6: 1045 daAuts
  Lair:3: 1002 daAuts
     D:8: 994 daAuts
     D:1: 942 daAuts
